[Event "Czech Open-GM 2022"]
[Site "Pardubice"]
[Date "2022.07.22"]
[Round "1.30"]
[White "Roessler, Ulrike"]
[Black "Stalmach, Richard"]
[Result "1/2-1/2"]
[ECO "B47"]
[WhiteElo "2129"]
[BlackElo "2363"]
[Annotator "TA"]
[PlyCount "114"]
[EventDate "2022.07.22"]
[EventType "swiss"]
[EventCountry "CZE"]
[SourceTitle "playchess.com"]
[Source "ChessBase"]
[SourceQuality "1"]
[TimeControl "40/5400+30:1800+30"]

1. e4 c5 2. Nf3 e6 3. d4 cxd4 4. Nxd4 Nc6 5. Nc3 Qc7 6. Ndb5 Qb8 7. Be3 a6 8. Nd4 Nf6 9. f4 {[%emt 0:01:17] B47: Sicilian: Taimanov: 5 Nc3 Qc7 6 f4, 6 g3 and 6 Be2.} Bb4 10. Qf3 d5 11. Nxc6 bxc6 12. exd5 Nxd5 13. Bd2 O-O 14. Bd3 Qb6 {[%emt 0:21:05] [#]} (14... Qa7 $15) 15. a3 $146 ({Predecessor:} 15. Qe4 f5 16. Qe5 Rd8 17. O-O-O Bd6 18. Nxd5 exd5 19. Qc3 Be6 20. Rhe1 Re8 21. Rxe6 Rxe6 22. Bxf5 {½-½ (55) Leko,P (2460)-Titz,H (2345) Austria 1993}) 15... Bd6 (15... Bxc3 $5 16. bxc3 Re8 $11) 16. Ne4 Qxb2 17. O-O Be7 (17... Bxa3 18. Rxa3 $1 Qxa3 19. Nf6+ $1 Kh8 20. Nxh7 $14) 18. Nf2 (18. Rab1 $11 Qd4+ 19. Nf2) 18... f5 19. Rab1 Qxa3 20. Rb3 Qa4 (20... Qc5 $6 21. c4 $15) 21. Rfb1 a5 (21... Qd4 $17 {And now ...a5 would win.} 22. c4 Nf6) 22. c4 $15 Nb4 23. Bf1 (23. Be2 $1 $15) 23... Bd7 24. Ra3 Qc2 25. Rd1 Bc5 ({Black should play} 25... Rfd8 $17 {Hoping for ...Be8.} 26. Bxb4 axb4 27. Rxa8 Rxa8 28. Rxd7 Bc5) 26. Be3 $11 Bxe3 27. Qxe3 Rf7 (27... Be8 $11 {keeps the balance.}) 28. Qc5 $16 Be8 29. Rxa5 Rxa5 30. Qxa5 $40 {[%emt 0:00:04][%mdl 128] White attacks with force.} Qc3 (30... c5 $16 {might work better.} 31. Rd8 (31. Qxc5 Nd5 $16) 31... Rf8) 31. Rd8 $18 Re7 32. Nd3 Nd5 33. Qc5 {[%emt 0:00:32][%cal Rd8d5] Black must now prevent Rxd5.} Kf7 34. cxd5 Qxc5+ 35. Nxc5 {[%emt 0:00:29] Strongly threatening d6.} exd5 36. Kf2 Ra7 37. Ke3 Ra5 38. Kd4 Ra2 39. Ke3 $2 {[%emt 0:02:14] Prevents Rf2.} (39. Rc8 $18) 39... Rc2 $2 (39... Ra5 $1 $11 {and Black stays safe.}) 40. Nd3 Ke7 41. Rb8 (41. Rc8 $18) 41... c5 $16 42. Rb7+ Kd6 43. Ne5 g5 ({Black should try} 43... d4+ $14 44. Kf3 Bc6+ 45. Nxc6 Kxc6 46. Rxg7 c4) 44. Rb6+ ({Don't do} 44. Rxh7 $6 gxf4+ 45. Kf3 c4 $14) 44... Kc7 45. Rb1 (45. Re6 $16 gxf4+ 46. Kxf4 Rf2+ 47. Ke3 Rxf1 48. Rxe8) 45... d4+ (45... g4 $14 {might be stronger.}) 46. Kd3 Rc3+ 47. Kd2 gxf4 48. Bd3 (48. Ra1 $16) 48... Kd6 (48... Ra3 $14) 49. Re1 {[%emt 0:00:00] White is more active.} (49. Rb8 $16 Kxe5 50. Rxe8+ Kd6 51. Rf8 (51. Bxf5 Ra3 $14)) 49... Kd5 {[%emt 0:03:30] [#]} (49... Bc6 $14) 50. Nc4 $1 $18 Bg6 (50... Bf7 51. Re7) 51. Re5+ Kc6 52. h4 $2 (52. Re6+ $18 Kd7 53. Ra6) 52... Bf7 $1 $11 {[%emt 0:00:07] The position is equal.} 53. Nb2 c4 54. Rxf5 cxd3 55. Rxf7 Rc2+ 56. Kxd3 Rxb2 57. Rxf4 Rxg2 {[%emt 0:00:26] Weighted Error Value: White=0.30/Black=0.38} 1/2-1/2

[Event "Czech Open-GM 2022"]
[Site "Pardubice"]
[Date "2022.07.22"]
[Round "1.31"]
[White "Svanda, Ondrej"]
[Black "Bares, Jachym"]
[Result "1-0"]
[ECO "A15"]
[WhiteElo "2363"]
[BlackElo "2129"]
[Annotator "TA"]
[PlyCount "29"]
[EventDate "2022.07.22"]
[EventType "swiss"]
[EventCountry "CZE"]
[SourceTitle "playchess.com"]
[Source "ChessBase"]
[SourceQuality "1"]
[TimeControl "40/5400+30:1800+30"]

1. c4 Nf6 2. g3 g6 3. Bg2 Bg7 4. Nc3 c5 5. e4 Nc6 6. Nge2 d6 7. O-O {[%emt 0:00:40] 7.d3 is more advanced technology.} e5 {[%emt 0:03:33] A36: Symmetrical English vs ...g6: 4 Bg2 Bg7.} 8. d3 Be6 9. f4 Qd7 {[%emt 0:05:09] The position is equal.} 10. Nd5 {[%emt 0:06:32] [#]} Bxd5 $146 {[%emt 0:16:06] [#]} (10... Bg4 $11 11. Bf3 Bh3) ({Predecessor:} 10... Bg4 11. Bf3 Bh3 12. Bg2 Bxg2 13. Kxg2 h5 14. fxe5 Nxd5 15. cxd5 Nxe5 16. Nc3 h4 {0-1 (33) Pollard,M (1765)-Karia,R (1817) England 2015}) 11. exd5 Ne7 (11... Nd4 $16 12. fxe5 dxe5) 12. fxe5 $18 dxe5 13. Bg5 Ng4 14. h3 Bh6 $2 {[%emt 0:11:03] [#]} (14... f6 $16 {is a better chance.} 15. Bd2 (15. hxg4 fxg5 16. Rb1 h5 $16) 15... Nh6) 15. Qd2 {[%emt 0:01:15] White took control after the opening.  Weighted Error Value: White=0.08 (flawless) /Black=0.97} ({Less strong is} 15. Bxe7 Ne3 16. Qb3 Nxf1 $14) 1-0

[Event "Czech Open-GM 2022"]
[Site "Pardubice"]
[Date "2022.07.22"]
[Round "1.32"]
[White "Kopriva, Martin"]
[Black "Nemec, Jachym"]
[Result "0-1"]
[ECO "B32"]
[WhiteElo "2124"]
[BlackElo "2357"]
[Annotator "TA"]
[PlyCount "68"]
[EventDate "2022.07.22"]
[EventType "swiss"]
[EventCountry "CZE"]
[SourceTitle "playchess.com"]
[Source "ChessBase"]
[SourceQuality "1"]
[TimeControl "40/5400+30:1800+30"]

1. e4 c5 2. Nf3 Nc6 3. d4 cxd4 4. c3 d3 5. Bxd3 d6 6. O-O g6 {[%emt 0:00:40] B21: Sicilian: 2 f4 and Morra Gambit.} 7. h3 Bg7 8. Qe2 Nf6 {[%emt 0:02:14] White is slightly better.} 9. Rd1 Nd7 {[%emt 0:07:57] Against e5} 10. Na3 O-O 11. Bg5 Nde5 12. Nxe5 Nxe5 13. Bc2 {[%emt 0:02:05] [#]} Bd7 $146 ({Predecessor:} 13... Be6 14. Kh2 h6 15. Bh4 g5 16. Bg3 Ng6 17. Qe3 Qa5 18. Bd3 Bxc3 19. bxc3 Qxa3 {½-½ (59) Gierulski,K (1901)-Eggink,R (2122) Olsztyn 2013}) 14. Bb3 h6 15. Be3 Bc6 16. f4 Nd7 17. Bf2 Qc8 18. Bh4 (18. Nb5 $14) 18... Nc5 $11 19. Bd5 Re8 20. Nc2 Bxd5 21. Rxd5 Qe6 $1 22. Re1 f5 23. Rdd1 ({White should play} 23. Ne3 Qxe4 24. Qf1) 23... Nxe4 $17 24. Nb4 Qf7 25. Nd5 e6 26. Ne3 Rac8 27. Bf2 Qc7 28. Nc2 $2 {[%emt 0:00:27] [#] Now White is beyond hope.} (28. Nf1 $17) 28... a6 $2 (28... Bxc3 $1 $19 29. bxc3 Nxc3) 29. Ne3 (29. Qf3 $17) 29... Bf8 30. Kh1 (30. Nf1 {is a better defense.}) 30... d5 $19 31. g4 $2 (31. g3) 31... Qxf4 32. Rf1 {[%emt 0:00:34] [#]} Nxf2+ (32... Qg3 $142 $3 33. Bxg3 Nxg3+ 34. Kg2 Nxe2) 33. Rxf2 Qe4+ 34. Kg1 $2 (34. Qf3 {was necessary.}) 34... Bc5 {[%emt 0:00:09] Weighted Error Value: White=0.46/Black=0.28 (precise)} 0-1

[Event "Czech Open-GM 2022"]
[Site "Pardubice"]
[Date "2022.07.22"]
[Round "1.33"]
[White "Malek, Daniel"]
[Black "Elmi, Saad Abobaker"]
[Result "1/2-1/2"]
[ECO "B51"]
[WhiteElo "2355"]
[BlackElo "2123"]
[Annotator "TA"]
[PlyCount "178"]
[EventDate "2022.07.22"]
[EventType "swiss"]
[EventCountry "CZE"]
[SourceTitle "playchess.com"]
[Source "ChessBase"]
[SourceQuality "1"]
[TimeControl "40/5400+30:1800+30"]

1. e4 c5 2. Nf3 d6 3. Bb5+ Nd7 4. a4 a6 5. Be2 Ngf6 6. Nc3 {[%emt 0:00:08] B51: Sicilian: Moscow Variation (3 Bb5+) without 3...Bd7.} g6 7. O-O Bg7 8. a5 O-O 9. d3 Nb8 10. e5 Nh5 (10... Ne8 $11) 11. exd6 {[%emt 0:03:33] [#]} Qxd6 $146 (11... exd6 $14 12. Nd2 Nf6) ({Predecessor:} 11... exd6 12. Nd5 Nc6 13. Bg5 Nf6 14. Qd2 Be6 15. Nf4 Bf5 16. Nd5 Re8 17. Rfe1 Be6 {0-1 (42) Yuan,Q (2373)-Andreikin,D (2725) Chess.com INT 2021}) 12. Nd2 $1 $16 {[%emt 0:01:36][%cal Bf3d2,Bd2c4,Bc4b6][%mdl 32] Hoping for Nc4.} Nf6 13. Nc4 Qc7 14. Nb6 Ra7 15. Be3 Be6 16. Nca4 Nbd7 17. b4 ({White should try} 17. Bf3 $18) 17... Nd5 18. Nxd5 Bxd5 {[%emt 0:00:09] [#]} 19. Nxc5 $1 Nxc5 (19... Raa8 20. Nxd7) 20. Bxc5 Bxa1 21. Bxa7 (21. Qxa1 $16 Raa8 22. c4) 21... Be5 $14 22. g3 (22. h3 $5 ) 22... Bc3 23. Bc5 Rc8 ({Black should play} 23... Qc6 $1 $14) 24. Bf3 Bxf3 25. Qxf3 e5 {[%emt 0:00:12] Prevents d4.} 26. Qe4 {[%emt 0:05:45] White is more active.} Qd7 27. Rb1 Kg7 28. Qc4 $36 {[%emt 0:04:45][%mdl 2048] White is on the roll.} Bd4 29. c3 Bxc5 30. bxc5 $16 {[%emt 0:00:07][%mdl 4096] Endgame KQR-KQR} Rd8 31. Qe4 Qd5 32. Rxb7 (32. Qe3 $142 $1) 32... Qxe4 33. dxe4 {[%emt 0:00:06] KR-KR} Rc8 (33... Rd1+ $16 {keeps fighting.} 34. Kg2 Ra1) 34. Rb6 $18 Rxc5 35. Rxa6 Rxc3 36. Ra8 (36. g4 $18) 36... Rc4 $1 $14 37. f3 Rc2 $2 (37... Rc1+ $1 $11 38. Kg2 Rc2+ 39. Kh3 Rc3) 38. a6 $2 (38. h4 $18 {and White stays clearly on top.}) 38... Ra2 $2 (38... Rc1+ $16 {might work better.} 39. Kg2 Rc2+ 40. Kh3 Ra2) 39. a7 g5 40. h4 $2 (40. h3 $18) 40... h6 $2 (40... gxh4 $11 {and Black has nothing to worry.} 41. gxh4 Kh6) 41. h5 $2 (41. Kf1 $1 $18) 41... Kf6 {[%emt 0:33:27] [#]} (41... Kh7 $142 42. Kf1 Kg7) 42. Kf1 (42. Rh8 $142 $1 Rxa7 43. Rxh6+ Kg7 44. Rb6) 42... Kg7 $16 43. Ke1 Kf6 44. Kd1 Kg7 45. Kc1 Kf6 46. Kb1 Ra4 47. Kc2 Kg7 48. Kb3 Ra1 49. Kc4 Kf6 50. Kc5 Rc1+ 51. Kd6 {[%emt 0:00:44] Threatening mate with Rd8.} Ra1 (51... Rd1+ $142 52. Kc7 Rc1+ 53. Kb7 Rb1+ 54. Kc8 Rc1+ 55. Kd8 Ra1) 52. Kd7 (52. g4 $142) 52... Ra6 53. Ke8 {[%emt 0:02:01] Strongly threatening Kf8.} Kg7 54. Ke7 Ra3 55. Kd6 Kf6 (55... Ra5 $142 56. Kc6 Ra2) 56. Kd5 ({Better is} 56. g4) 56... Rd3+ 57. Kc6 Ra3 58. Kb6 Rb3+ 59. Kc7 (59. Ka5 $142 Ra3+ 60. Kb6 Rb3+ 61. Kc6) 59... Ra3 60. Kd7 (60. Kc8 $142) 60... Ra6 $1 61. Ke8 {[%emt 0:00:20] Threatens to win with Kf8.} Kg7 $1 {[%emt 0:00:23] [#]} 62. g4 (62. Kd8 $142 $1) 62... Re6+ 63. Kd7 Ra6 64. Kc7 Ra3 65. Kb6 {[%emt 0:00:32] White threatens Rd8 and mate.} Rb3+ 66. Kc6 {[%emt 0:00:52] Re8 would kill now.} Ra3 67. Re8 $2 (67. Kc5 $18) 67... Rxa7 $11 68. Rxe5 Ra3 69. Rf5 Rd3 70. Kc5 Ra3 71. f4 gxf4 {[%emt 0:00:00] aiming for ...Ra5+.} 72. Rxf4 Rd3 73. e5 Ra3 74. Kd5 Re3 75. Kd4 Rb3 76. Ke4 Rb4+ 77. Kf5 Rb5 78. Ra4 Rc5 79. Ra7 Kg8 80. Ra6 Kg7 81. g5 (81. Ra1 $14) 81... hxg5 {[%emt 0:00:00] The position is equal.} 82. h6+ Kh7 83. Rf6 g4 84. Rxf7+ Kxh6 85. Rf6+ Kh5 86. Rf8 Kh4 87. Rg8 Kh3 88. Rh8+ Kg2 89. Kxg4 {[%emt 0:00:00] White wants to mate with Kf4.} Rxe5 {[%emt 0:00:00] Weighted Error Value: White=0.34/Black=0.33} 1/2-1/2

[Event "Czech Open-GM 2022"]
[Site "Pardubice"]
[Date "2022.07.22"]
[Round "1.34"]
[White "Zdrazil, Tomas"]
[Black "Kusa, Jakub"]
[Result "0-1"]
[ECO "C82"]
[WhiteElo "2122"]
[BlackElo "2353"]
[Annotator "TA"]
[PlyCount "52"]
[EventDate "2022.07.22"]
[EventType "swiss"]
[EventCountry "CZE"]
[SourceTitle "playchess.com"]
[Source "ChessBase"]
[SourceQuality "1"]
[TimeControl "40/5400+30:1800+30"]

1. e4 e5 2. Nf3 Nc6 3. Bb5 a6 4. Ba4 Nf6 5. O-O Nxe4 6. d4 b5 7. Bb3 d5 8. dxe5 Be6 9. Nbd2 Bc5 10. c3 O-O 11. Bc2 Nxf2 12. Rxf2 f6 13. exf6 Bxf2+ 14. Kxf2 Qxf6 15. Kg1 Rae8 16. Qf1 Kh8 {[%emt 0:08:59] [#] C82: Open Ruy Lopez: 9 c3 without 9...Be7.} 17. Nb3 $146 ({Predecessor:} 17. h3 Rf7 18. a4 b4 19. Qd3 g6 20. Nf1 Bf5 21. Bg5 Qd6 22. Qd1 bxc3 23. bxc3 Ne5 24. Nxe5 Qxe5 25. Bxf5 Qxf5 {0-1 (35) Budzinski,J (1881)-Smolka,M (1858) Ustron 2010}) 17... Ne5 {[%emt 0:04:25] Threatens to win with ...Bg4.} 18. Nbd4 Bg4 {[%emt 0:07:49] White must now prevent ...c5. The position is equal.} 19. Bg5 (19. Bd2 $1 $11 {keeps the balance.}) 19... Qd6 $1 $17 {[%emt 0:03:17] ...c5 is the strong threat.} 20. Qf2 {[%emt 0:31:11] [#]} (20. b4 $17 {might work better.}) 20... c5 (20... h6 $1 $19 {[%cal Rh6g5] and Black stays clearly on top.} 21. Bh4 c5) 21. Qh4 h6 22. Nxe5 Rxe5 {[%emt 0:00:29][%cal Be8e5,Be5g5,Bg5g2][%mdl 32] Dancing on a razor blade.} 23. Qxg4 (23. Bd2 $17 {was forced.} cxd4 24. Qxg4) 23... Rxg5 $19 24. Qe6 (24. Qe2 cxd4 25. Qd3) 24... Qf4 {[%emt 0:00:57] ( -> ...Qf2+)} 25. Nf5 {[%emt 0:01:42] [#]} Qd2 $1 ({Stronger than} 25... Rgxf5 26. Bxf5 Rxf5 27. Qc8+ Kh7 28. Qxc5 $17) 26. Ne3 {[%emt 0:01:07] [#]} Rxg2+ $3 {[%emt 0:00:47][%mdl 576] Back Rank.  Weighted Error Value: White=1.52/Black=0.14 (very precise)} 0-1

[Event "Czech Open-GM 2022"]
[Site "Pardubice"]
[Date "2022.07.22"]
[Round "1.35"]
[White "Skytte, Rasmus"]
[Black "Ocelak, Jakub"]
[Result "1-0"]
[ECO "C03"]
[WhiteElo "2349"]
[BlackElo "2120"]
[Annotator "TA"]
[PlyCount "87"]
[EventDate "2022.07.22"]
[EventType "swiss"]
[EventCountry "CZE"]
[SourceTitle "playchess.com"]
[Source "ChessBase"]
[SourceQuality "1"]
[TimeControl "40/5400+30:1800+30"]

1. e4 e6 2. d4 d5 3. Nd2 Be7 4. Ngf3 Nf6 5. Bd3 c5 6. c3 cxd4 7. cxd4 dxe4 8. Nxe4 Nbd7 9. O-O O-O 10. Ne5 Nxe4 11. Bxe4 Nf6 {[%emt 0:00:18] D05: Colle System with ...e6.} 12. Bf3 Qb6 13. a4 {[%emt 0:06:48][%cal Ba2a4,Ba4a5][%mdl 32] [#]} a6 $146 (13... Rd8 $11 {is superior.}) ({Predecessor:} 13... Rd8 14. a5 Qxd4 15. Qxd4 Rxd4 16. Bg5 h6 {0-1 (52) Van der Joeven,J-Almiron,L ICCF email 2000}) 14. a5 Qa7 15. Be3 Nd5 16. Qb3 Rd8 17. Nc4 Nxe3 (17... Qb8 $16) 18. fxe3 $18 Rb8 $2 (18... Bd7) 19. Nb6 Bd7 20. Rac1 (20. Bg4 $142 Bb5 {[#]} 21. Bxe6 $1 fxe6 22. Qxe6+ Kh8 23. Qxe7) 20... Bb5 21. Rf2 {[%emt 0:02:35] And now Bg4 would win.} Rf8 22. d5 {[%emt 0:05:46][%cal Bd4d5,Bd5e6,Be6f7][%mdl 32] 0x0.00144a550085dp-1022s more active pieces. The black rooks are badly placed.} Bd8 (22... exd5 $16 {was called for.} 23. Bxd5 Kh8) 23. dxe6 Bxb6 24. exf7+ Kh8 25. axb6 Qxb6 26. Be2 Rbd8 27. Bxb5 axb5 28. h3 h6 29. Rcf1 $36 {[%emt 0:03:15][%mdl 2048] White is on the roll.} b4 30. Rf4 Rd2 31. Rxb4 Qc6 32. Rg4 {[%emt 0:01:20] Strongly threatening Qa3.} h5 $2 (32... Rd7 {is more resistant.} 33. Rd4 Re7) 33. Rg5 g6 {[%emt 0:02:55] [#]} 34. Rxg6 $3 Qxg6 35. Qc3+ Kh7 36. Qxd2 Rxf7 {[%emt 0:00:04][%mdl 4096] Endgame KQR-KQR} 37. Rd1 {[%emt 0:04:36] aiming for Qd5.} Rc7 (37... Qe4 $142 38. Qe2 Qe5) 38. Qd6 Qxd6 39. Rxd6 {[%emt 0:00:06] KR-KR. White is winning.} Rc1+ 40. Kh2 Re1 41. Rd3 Kg6 42. Kg3 Kf5 43. Rb3 Ke4 44. Rxb7 {[%emt 0:00:26] Weighted Error Value: White=0.17 (very precise) /Black=0.34} 1-0

[Event "Czech Open-GM 2022"]
[Site "Pardubice"]
[Date "2022.07.22"]
[Round "1.36"]
[White "Shubin, Daniel"]
[Black "Rabatin, Jakub"]
[Result "0-1"]
[ECO "B94"]
[WhiteElo "2120"]
[BlackElo "2349"]
[Annotator "TA"]
[PlyCount "84"]
[EventDate "2022.07.22"]
[EventType "swiss"]
[EventCountry "CZE"]
[SourceTitle "playchess.com"]
[Source "ChessBase"]
[SourceQuality "1"]
[TimeControl "40/5400+30:1800+30"]

1. e4 c5 2. Nf3 d6 3. d4 cxd4 4. Nxd4 Nf6 5. Nc3 a6 6. Bg5 Nbd7 7. f4 {[%emt 0:00:36] 7.Qe2 is a critical line.} Qc7 8. Qe2 {[%emt 0:16:59] B94: Sicilian Najdorf: 6 Bg5 Nbd7.} e5 9. Nf5 h6 10. Bxf6 {[%emt 0:00:48] The position is equal.} Nxf6 11. Ne3 exf4 12. Ned5 Nxd5 13. Nxd5 Qc5 {[%emt 0:02:16] [#]} 14. b4 $146 ({Predecessor:} 14. Qc4 Rb8 15. Qb3 Be6 16. O-O-O Be7 17. Bxa6 O-O 18. Nxe7+ Kh7 19. Qd3 bxa6 20. e5+ {0-1 (29) Gebigke,M (2139)-Glantz,R (2271) Berlin 2014}) 14... Qc6 15. Qf2 {[%emt 0:02:43] aiming for b5.} Be6 16. b5 Qc8 (16... axb5 $2 17. Bxb5 $1 Bxd5 18. c4 (18. Bxc6+ Bxc6 19. Qd4 Rg8 $16) 18... Bxe4 19. O-O $18 (19. Qxf4 f5 $18)) 17. Bd3 Bxd5 18. exd5 Qc3+ 19. Ke2 Be7 20. Qxf4 O-O 21. Qc4 (21. Qe4 $2 f5 $1 22. Qf3 (22. Qxe7 $2 Rfe8 $19) 22... Bd8 $19) 21... Qa5 $36 {[%emt 0:16:51][%mdl 2048] Black has strong initiative.} 22. Rhe1 {[%emt 0:02:49] [#]} ({Avoid the trap} 22. Qe4 $2 g6 $1 23. Qf3 (23. Qxe7 $2 Rfe8 $19) 23... Rae8 $17) 22... Bf6 $1 (22... Bg5 23. Kf1 $15) 23. Rab1 Bc3 ({Inferior is} 23... Bg5 24. Kf1 $15) 24. Red1 Rac8 25. Qf4 Be5 26. Qb4 Qxa2 27. bxa6 bxa6 ({Stronger than} 27... Rfe8 28. Qb3 Qxb3 29. Rxb3 bxa6 30. Kf3 $17) 28. Kf1 a5 (28... Bxh2 $2 29. Ra1 Qxa1 30. Rxa1 $18) 29. Qe4 (29. Qb3 $17 {might work better.} Qxb3 30. Rxb3) 29... g6 {[%emt 0:00:55] Active counter play!} 30. Rb7 (30. Kg1 $142) 30... Rb8 $19 31. Ra7 Rb1 (31... Bxh2 $142 {Hoping for ...Be5.} 32. Qe1 a4) 32. Rxb1 Qxb1+ 33. Ke2 $2 {[%emt 0:00:02] This costs White the game.} (33. Qe1 $17 Qb6 34. Ra6) 33... Bxh2 34. Rxa5 Qb8 {[%emt 0:02:01] Prevents Ra7. Strongly threatening ...Re8.} 35. Rb5 Qd8 {[%emt 0:00:18] ...Re8 is the strong threat.} 36. Kf2 $2 (36. Kf1) 36... Re8 {[%emt 0:01:06] Black is clearly winning.} 37. Qf3 Qh4+ 38. g3 Qd4+ 39. Kg2 Qg1+ 40. Kh3 Re3 41. Rb8+ Kg7 42. Rb1 Rxf3 {[%emt 0:00:28] Weighted Error Value: White=0.80/Black=0.11 (very precise)} 0-1

[Event "Czech Open-GM 2022"]
[Site "Pardubice"]
[Date "2022.07.22"]
[Round "1.37"]
[White "Simek, Petr"]
[Black "Hansch, Stephan"]
[Result "1-0"]
[ECO "E06"]
[WhiteElo "2348"]
[BlackElo "2118"]
[Annotator "TA"]
[PlyCount "101"]
[EventDate "2022.07.22"]
[EventType "swiss"]
[EventCountry "CZE"]
[SourceTitle "playchess.com"]
[Source "ChessBase"]
[SourceQuality "1"]
[TimeControl "40/5400+30:1800+30"]

1. d4 d5 2. c4 e6 3. Nf3 Nf6 4. g3 Be7 5. Bg2 O-O 6. Nc3 dxc4 7. Ne5 Nc6 8. Bxc6 bxc6 9. Nxc6 Qe8 10. Nxe7+ Qxe7 11. Qa4 c5 12. dxc5 $1 {[%emt 0:00:08] 12.dxc5 scores better than 12.Qxc4. E06: Closed Catalan: Early deviations.} Qxc5 13. Be3 Qc7 14. f3 {[%emt 0:29:36] Prevents Ng4. The position is equal.} Bd7 {[%emt 0:09:42] [#]} (14... Nd5 {is interesting.} 15. Bd4 Rd8 16. O-O Bd7) 15. Qc2 $146 (15. Qa3 {with more complications.} Nd5 16. Bd4 a5 17. Qc5) ({Predecessor:} 15. Qa3 Nd5 16. Bd4 a5 17. Qc5 Qxc5 18. Bxc5 Rfc8 19. Bd4 a4 20. a3 Nxc3 21. Bxc3 {1-0 (53) Pashikian,A (2603)-Riff,J (2519) Paleochora 2018}) 15... Bc6 16. Kf2 Qb7 17. Rhg1 Rab8 18. Rab1 e5 19. g4 Nd5 20. Nxd5 Bxd5 21. Qc3 Rfe8 22. g5 a6 23. Rbd1 Qb5 24. Rd2 Be6 25. a4 Qxa4 26. Qxe5 {[%emt 0:00:06] [#] White wants to mate with Bd4.} Qb5 27. Qd6 {[%emt 0:07:35] White is more active.} ({Better is} 27. Bd4 $16 Qxe5 28. Bxe5) 27... Rbc8 28. Bd4 Rcd8 29. Qa3 (29. Qf4 $16) 29... Rd5 (29... Qf5 $11) 30. h4 Red8 31. e3 a5 32. Rc2 Bf5 33. Rcc1 Qb3 (33... Qb8 $11 34. Rh1 Rb5) 34. Rc3 ({White should play} 34. Qxb3 $16 cxb3 35. Bc3) 34... Qxa3 (34... Qb8 $1 $15 35. Rg2 Rb5 36. Rxc4 Bh3) 35. Rxa3 $14 Bc2 36. Raa1 a4 37. Ke2 Ra8 38. Kd2 Bb3 39. Kc3 Rda5 40. Ra3 Rf5 41. f4 Rd5 42. Rg2 Re8 43. Ra1 Ra8 44. Rd2 Rda5 45. h5 f6 (45... Rd8 $16) 46. gxf6 $18 {[%emt 0:00:33] White is clearly better.} gxf6 47. Bxf6 {[%emt 0:01:55] Be5 is the strong threat.} Rxh5 (47... Kf7 $142) 48. Rd7 {[%emt 0:14:04] aiming for Rg1+.} Ra6 49. Rg1+ Kf8 50. Bd4 {[%emt 0:01:02] White threatens Rgg7 and mate.} Rg6 {[%emt 0:00:16] [#]} 51. Rxh7 $3 {[%emt 0:00:26][%mdl 512] Weighted Error Value: White=0.17 (very precise) /Black=0.20 (precise)} 1-0

[Event "Czech Open-GM 2022"]
[Site "Pardubice"]
[Date "2022.07.22"]
[Round "1.38"]
[White "Gressmann, Moritz"]
[Black "Stauskas, Lukas"]
[Result "0-1"]
[ECO "A46"]
[WhiteElo "2114"]
[BlackElo "2348"]
[Annotator "TA"]
[PlyCount "149"]
[EventDate "2022.07.22"]
[EventType "swiss"]
[EventCountry "CZE"]
[SourceTitle "playchess.com"]
[Source "ChessBase"]
[SourceQuality "1"]
[TimeControl "40/5400+30:1800+30"]

1. d4 {[%emt 0:05:13] Tsesarsky,I} Nf6 2. Nf3 d5 3. g3 e6 4. c4 Bb4+ 5. Bd2 Bd6 6. Bg2 {[%emt 0:00:27] E01: Catalan: Early deviations.} Nbd7 7. O-O c6 8. Qc2 {[%emt 0:01:53] The position is equal.} O-O 9. Bg5 $1 h6 10. Bxf6 Qxf6 11. Nbd2 dxc4 12. Nxc4 e5 13. Nxd6 Qxd6 {[%emt 0:00:07] [#]} 14. dxe5 $146 ({Predecessor:} 14. Rfd1 exd4 15. Nxd4 Qe5 16. a4 Nf6 17. b4 Be6 18. Ra3 Rfd8 19. Rad3 {½-½ (46) Fominyh,A (2530)-Garagulya,K (2330) Tomsk 1998 CBM 067 [Tsesarsky,I]}) 14... Nxe5 15. Rfd1 Nxf3+ 16. Bxf3 Qe7 17. Rd2 Be6 18. a3 a5 19. Qc3 a4 20. Rad1 Rfc8 21. Rd4 Rc7 22. Qd3 g6 23. h4 h5 24. Be4 Kg7 25. Qc3 Qf6 26. Qc5 Bb3 27. R1d2 (27. Rd6 {seems wilder.} Qe7 28. Bc2 Bxc2 29. Qxc2 Re8 30. e3) 27... Re8 28. Bc2 (28. Bg2 $14) 28... Bxc2 $11 29. Rxc2 Re5 30. Qc3 Rf5 31. e3 ({But not} 31. Rxa4 Rxf2 32. Qxf6+ Rxf6 $11) 31... b5 32. Rd6 (32. Kg2 {feels hotter.} Kh7 33. Qd3 Re7 34. Re2) 32... Qxc3 33. Rxc3 {[%emt 0:00:01][%mdl 4096] Endgame KRR-KRR} c5 34. Rb6 c4 35. Kf1 Rd7 36. Ke2 {[%emt 0:00:25] Inhibits Rd2+.} Rfd5 37. Rc2 {[%emt 0:00:36] Prevents Rd2+.} f6 38. Kf3 Kf7 39. Ke2 Ke7 40. Ke1 Kf7 41. Ke2 Kg7 42. Kf3 Rf5+ 43. Ke2 Rd3 44. Rc3 Rd7 45. Rc2 Kf7 46. Ke1 Ke7 47. Ke2 Rfd5 48. Ke1 R7d6 49. Rb7+ Ke6 50. Ke2 Kf5 51. Kf3 Re5 {[%emt 0:01:16] Prevents e4+.} 52. Rb8 Rd3 53. Rb6 Red5 54. Ke2 Ke5 55. e4 Rc5 56. Rc3 Kxe4 57. Rxf6 {[%emt 0:03:09] Hoping for f3+.} Re5 {[%emt 0:00:04] Strongly threatening ...Kd4+.} 58. Rc2 {[%emt 0:03:23] [#]} (58. Rxd3 $11 cxd3+ 59. Kd2) 58... Kd5+ ({Better is} 58... Kd4+ $1 $17 59. Kf1 Rd1+ 60. Kg2 Kd3 61. Rc3+ Kd4) 59. Kf1 $15 Re6 60. Rxe6 Kxe6 {[%emt 0:00:06] KR-KR} 61. Ke2 $1 Rb3 {[%emt 0:00:32] White must now prevent ...Kd5.} 62. Kd2 $2 {[%emt 0:00:37][%mdl 8192] [#] Now White is beyond hope.} (62. Rd2 $15) 62... Kf5 $1 $19 {[%emt 0:00:41] Black is clearly winning.} 63. Ke2 Kg4 {[%emt 0:00:14] Against f3+} 64. Rd2 Kh3 65. Kf1 c3 66. bxc3 Rxa3 67. Rc2 Rb3 68. Ke2 Kg2 69. Kd1 a3 70. Kc1 {[%emt 0:00:27] Inhibits Rb1+.} Kf3 71. Kd1 Rb1+ 72. Kd2 Kxf2 73. Kd3+ Kxg3 74. Ra2 Rb3 {[%emt 0:00:17] aiming for ...b4.} 75. Kd4 {Weighted Error Value: White=0.08 (flawless) /Black=0.07 (flawless)} 0-1